 Dungeon Crawl Stone Soup version 0.30-a0-170-g85af917532 (webtiles) character file.

Game seed: 12496692874113315171

6742 qw the Cleaver (level 11, -7/69 HPs)
             Began as a Gargoyle Fighter on Oct 1, 2022.
             Was an Elder of Okawaru.
             Mangled by a death yak (16 damage)
             ... on level 1 of the Lair of Beasts.
             The game lasted 00:03:05 (8767 turns).

qw the Cleaver (Gargoyle Fighter)                   Turns: 8767, Time: 00:03:05

Health: -7/69      AC: 26    Str: 24    XL:     11   Next: 4%
Magic:  13/14      EV: 10    Int:  9    God:    Okawaru [****..]
Gold:   416        SH: 11    Dex:  9    Spells: 10/10 levels left

rFire   + + .      SeeInvis +    Y - +4 war axe (chaos)
rCold   . . .      Faith    .    c - +0 buckler
rNeg    + . .      Spirit   .    l - +2 chain mail {rF+}
rPois   inf        Reflect  +    b - +1 helmet
rElec   +          Harm     .    g - +0 cloak
rCorr   .          Rampage  .    (no gloves)
Will    .....                    (no boots)
Stlth   ..........               h - amulet of reflection
HPRegen 0.21/turn                t - ring of see invisible
MPRegen 0.14/turn                q - ring of protection from fire

@: heroic
A: sickness immunity, AC +8, negative energy resistance 1, electricity
resistance, torment resistance 1, petrification resistance
a: Renounce Religion, Heroism, Finesse


You were on level 1 of the Lair of Beasts.
You worshipped Okawaru.
Okawaru was greatly pleased with you.
You visited 2 branches of the dungeon, and saw 9 of its levels.

You collected 416 gold pieces.


Innate Abilities, Weirdness & Mutations

You are immune to sickness and miasma.
Your stone body is resilient. (AC +8)
You are immune to poison.
You resist negative energy. (rN+)
You are resistant to electric shocks. (rElec)
You are resistant to unholy torment.
You are immune to petrification.


   Skills:
 + Level 8.5(13.5) Fighting
 - Level 11.4(16.4) Axes
 - Level 2.1(7.1) Throwing
 - Level 6.0(11.0) Armour
 - Level 1.3(6.3) Dodging
 - Level 5.5(10.5) Shields
 + Level 5.0 Invocations


You had 10 spell levels left.
You didn't know any spells.
Your spell library was empty.

Inventory:

Hand Weapons
 s - a +2 hand axe of flaming
 Y - a +4 war axe of chaos (weapon)
Missiles
 i - 11 boomerangs (quivered)
Armour
 b - a +1 helmet (worn)
 c - a +0 buckler (worn)
 g - a +0 cloak (worn)
 l - a +2 chain mail of fire resistance (worn)
Jewellery
 f - a ring of ice
 h - an amulet of reflection (around neck)
 m - a ring of ice
 o - a ring of positive energy
 q - a ring of protection from fire (right hand)
 t - a ring of see invisible (left hand)
 u - a ring of protection from fire
Scrolls
 a - 4 scrolls of identify
Potions
 d - a potion of might
 e - a potion of cancellation
 j - a potion of haste
 k - 2 potions of mutation
 n - a potion of lignification
 r - 3 potions of curing

Dungeon Overview and Level Annotations

Branches:
Dungeon (8/15)             Temple (0/1) D:4            Lair (1/5) D:8

Altars:
Cheibriados
Hepliaklqana
Okawaru
Vehumet
Wu Jian

Shops:
D:6 :

Annotations:
D:5 1 runed translucent door, Crazy Yiuf


Message History

8757 ||| INVOKING Heroism.
You gain the combat prowess of a mighty hero.
A death yak comes into view.
Throw: 11 boomerangs
Press: ? - help, Q - select action Shift-Dir - straight line, f - death yak Your line of fire to the death yak is blocked by a fungus.
You hit the death yak but do no damage.
The death yak goes berserk!
You slash the fungus!
The fungus begins to die.
You block the death yak's attack.
You slice the death yak!!
Space warps horribly around the death yak!
The death yak is moderately wounded.
You slash the fungus! You burn the fungus. The death yak gores you!
You hit the death yak.
You feel better.
The death yak is heavily wounded.
You slash the fungus! You block the death yak's attack.
You slice the death yak!!
The death yak is heavily wounded.
You hit the fungus. You freeze the fungus. The death yak gores you!!
You hear a bellow!
You slash the death yak!
The death yak is severely wounded.
You hit the fungus. You freeze the fungus.
A nearby fungus withers and dies.
You block the death yak's attack.
You hit the death yak but do no damage.
The death yak is poisoned.
The death yak is severely wounded.
The death yak gores you but does no damage.
You barely miss the death yak.
The death yak is severely wounded.
You barely miss the death yak. The death yak gores you!!
The death yak barely misses you. x2
You hear a bellow!
You slash the death yak!
The death yak seems to grow stronger.
The death yak is severely wounded.
You slash the death yak! The death yak gores you!
You die...

##......####.........#
#.......##...P##.....##.
##.........P####.....P#.
#......##### #........
#..)...# ##......##
####%### #.##...##
#....### ####..##
.#.#.#..#### #.#...###
#.......@...# #.......#
###...#YY#.## #<#.###..#
............# #.?...#.##
#.#.###.#Y#.# ##P...# .
#.#. ....... ...#.# #. #
## .##.##.## ..P#.#.. #
. . .# ##.......# # #
##.####.# ..


You could see 3 death yaks.

Vanquished Creatures
  Amaemon (Lair:1)
  A cyclops (D:8)
  An orange demon (Lair:1)
  A cane toad (Lair:1)
  4 wyverns (D:8)
  7 yaks
  A basilisk (D:8)
  3 water moccasins (D:8)
  An orc warrior (D:6)
  4 black bears
  An ice beast (D:5)
  A centaur (D:5)
  2 ogres (D:4)
  2 kobold brigands (D:8)
  5 bullfrogs
  6 scorpions
  6 necrophages
  10 wights
  4 hounds
  2 jellies
  5 orc priests
  A gnoll bouda (D:6)
  Terence (D:2)
  3 iguanas
  2 orc wizards
  5 gnolls (D:6)
  7 adders
  A shadow imp (D:6)
  An ufetubus (D:4)
  4 worms
  20 orcs
  9 ball pythons
  6 endoplasms
  4 giant cockroaches
  8 goblins
  6 hobgoblins
  4 quokkas
  4 bats
  2 frilled lizards (D:1)
  5 kobolds
  6 rats
167 creatures vanquished.

Vanquished Creatures (others)
  12 fungi
  16 plants (D:8)
28 creatures vanquished.

Grand Total: 195 creatures vanquished

Notes
Turn   | Place    | Note
-------+----------+-------------------------------------------
     0 | D:1      | qw the Gargoyle Fighter began the quest for the Orb.
     0 | D:1      | Reached XP level 1. HP: 14/14 MP: 1/1
     0 | D:1      | 0 ||| qw: Version: 0.2-a-13-gfc7b4b4
     0 | D:1      | 0 ||| qw: Game counter: 1735
     0 | D:1      | 0 ||| qw: Always use a shield: true
     0 | D:1      | 0 ||| qw: God list: Okawaru
     0 | D:1      | 0 ||| qw: Allow faded altars: false
     0 | D:1      | 0 ||| qw: Do Orc after D:15 true
     0 | D:1      | 0 ||| qw: Do second Lair branch before Depths: true
     0 | D:1      | 0 ||| qw: Lair rune preference: random
     0 | D:1      | 0 ||| qw: Plans: Normal, Zot:1-4, God:TSO, Crypt, Tomb,
                  | Pan, Slime:5, Hells, Abyss, Orb
     0 | D:1      | 0 ||| PLANNING D:1-11
    77 | D:1      | 77 ||| DROPPING +0 club.
    91 | D:1      | Reached skill level 2 in Axes
   120 | D:1      | Found a faded altar of an unknown god.
   405 | D:1      | Reached XP level 2. HP: 19/19 MP: 2/2
   972 | D:1      | Reached skill level 3 in Axes
  1065 | D:1      | 1065 ||| READING 3 scrolls labelled FEACHI RAPLUWO.
  1066 | D:1      | 1066 ||| READING scroll labelled RAAL EBASIANN.
  1067 | D:1      | 1067 ||| READING scroll labelled DAOVVU GIBLIUN.
  1068 | D:1      | 1068 ||| READING 2 scrolls of identify.
  1068 | D:1      | 1068 ||| IDENTIFYING blue potion
  1123 | D:2      | Reached XP level 3. HP: 23/23 MP: 3/3
  1262 | D:2      | 1262 ||| Stepping ~*~*~tactically~*~*~ (hiding).
  1270 | D:2      | Reached skill level 1 in Throwing
  1275 | D:2      | 1275 ||| Stepping ~*~*~tactically~*~*~ (stealth).
  1643 | D:2      | Noticed Terence
  1652 | D:2      | HP: 5/23 [Terence/+0 flail (6)]
  1654 | D:2      | Killed Terence
  1655 | D:2      | Reached XP level 4. HP: 7/28 MP: 4/4
  1890 | D:2      | 1890 ||| DROPPING +0 mace.
  2002 | D:2      | 2002 ||| UPGRADING to +1 chain mail of poison resistance.
  2012 | D:2      | 2012 ||| DROPPING +0 scale mail.
  2013 | D:2      | 2013 ||| READING 2 scrolls labelled SIOXOO YBLO.
  2014 | D:2      | 2014 ||| READING scroll labelled ENICOVEREC.
  2018 | D:2      | 2018 ||| READING scroll labelled AMOUG VOFIDUH.
  2019 | D:2      | 2019 ||| DRINKING 2 brown potions.
  2020 | D:2      | 2020 ||| DROPPING scroll of noise.
  2073 | D:3      | Noticed a scorpion
  2089 | D:3      | Killed a scorpion
  2090 | D:3      | Reached skill level 4 in Axes
  2090 | D:3      | Reached XP level 5. HP: 12/32 MP: 5/5
  2426 | D:3      | 2426 ||| Stepping ~*~*~tactically~*~*~ (stealth).
  2468 | D:3      | 2468 ||| Stepping ~*~*~tactically~*~*~ (hiding).
  2601 | D:3      | Identified the +5 dagger of Scorn {speed, Fly rC+ Will+
                  | Dex+3}
  2818 | D:3      | 2818 ||| Stepping ~*~*~tactically~*~*~ (stealth).
  3055 | D:3      | 3055 ||| UPGRADING to +0 helmet.
  3060 | D:3      | 3060 ||| UPGRADING to ring of positive energy.
  3061 | D:3      | 3061 ||| READING scroll labelled TYJAIL BUS NOC.
  3062 | D:3      | 3062 ||| READING scroll labelled KYOTI GAIFERR.
  3063 | D:3      | 3063 ||| DRINKING 2 yellow potions.
  3064 | D:3      | 3064 ||| READING 3 scrolls of identify.
  3064 | D:3      | 3064 ||| IDENTIFYING murky purple potion
  3065 | D:3      | 3065 ||| READING 2 scrolls of identify.
  3065 | D:3      | 3065 ||| IDENTIFYING orange potion
  3100 | D:4      | Noticed an ogre
  3106 | D:4      | HP: 8/32 [ogre/+0 giant club (5)]
  3107 | D:4      | 3107 ||| READING scroll of teleportation.
  3108 | D:4      | 3108 ||| DRINKING potion of heal wounds.
  3109 | D:4      | Noticed a black bear
  3113 | D:4      | Killed a black bear
  3114 | D:4      | Reached skill level 5 in Axes
  3114 | D:4      | Reached XP level 6. HP: 30/37 MP: 6/6
  3249 | D:4      | 3249 ||| Stepping ~*~*~tactically~*~*~ (stealth).
  3250 | D:4      | 3250 ||| Stepping ~*~*~tactically~*~*~ (stealth).
  3251 | D:4      | 3251 ||| Stepping ~*~*~tactically~*~*~ (stealth).
  3449 | D:4      | 3449 ||| Stepping ~*~*~tactically~*~*~ (stealth).
  3453 | D:4      | Reached skill level 6 in Axes
  3453 | D:4      | Reached XP level 7. HP: 32/43 MP: 7/7
  3554 | D:4      | Reached skill level 1 in Dodging
  3590 | D:4      | Found a staircase to the Ecumenical Temple.
  3714 | D:4      | Identified the +2 ring mail of the Dwarven Hall {Will+}
  4229 | D:4      | 4229 ||| DROPPING +2 ring mail of the Dwarven Hall {Will+}.
  4230 | D:4      | 4230 ||| READING scroll labelled KORES YSCHEH.
  4231 | D:4      | 4231 ||| READING scroll labelled UMINEDW FUQI.
  4286 | D:4      | 4286 ||| DRINKING 2 fizzy inky potions.
  4287 | D:4      | 4287 ||| DROPPING potion of brilliance.
  4299 | D:5      | Entered Level 5 of the Dungeon
  4329 | D:5      | Reached skill level 7 in Axes
  4347 | D:5      | 4347 ||| Stepping ~*~*~tactically~*~*~ (stealth).
  4435 | D:5      | Found an iron altar of Okawaru.
  4435 | D:5      | Found an ornate altar of the Wu Jian Council.
  4435 | D:5      | Found a hazy altar of Hepliaklqana.
  4436 | D:5      | 4436 ||| PLANNING OKAWARU WORSHIP
  4436 | D:5      | 4436 ||| READING scroll labelled PIREVU TEGAUG.
  4442 | D:5      | Became a worshipper of Warmaster Okawaru
  4443 | D:5      | 4443 ||| PLANNING D:1-11
  4466 | D:5      | Reached XP level 8. HP: 50/50 MP: 8/8
  4466 | D:5      | 4466 ||| Stepping ~*~*~tactically~*~*~ (stealth).
  4469 | D:5      | 4469 ||| Stepping ~*~*~tactically~*~*~ (stealth).
  4470 | D:5      | 4470 ||| Stepping ~*~*~tactically~*~*~ (stealth).
  4559 | D:5      | 4559 ||| Stepping ~*~*~tactically~*~*~ (hiding).
  4703 | D:5      | Found a runed translucent door.
  4704 | D:5      | Noticed Crazy Yiuf
  5284 | D:5      | 5284 ||| UPGRADING to +0 cloak.
  5289 | D:5      | 5289 ||| READING 3 scrolls of identify.
  5289 | D:5      | 5289 ||| IDENTIFYING lumpy emerald potion
  5321 | D:6      | 5321 ||| PLANNING SEWER
  5341 | D:6      | Reached * piety under Okawaru
  5342 | D:6      | Reached skill level 8 in Axes
  5359 | D:6      | 5359 ||| FLEEEEING.
  5362 | D:6      | 5362 ||| STAIRDANCE
  5457 | D:6      | 5457 ||| INVOKING Heroism.
  5469 | D:6      | 5469 ||| INVOKING Heroism.
  5473 | D:6      | Reached skill level 1 in Invocations
  5530 | D:6      | 5530 ||| DROPPING +0 flail.
  5552 | D:6      | 5552 ||| Stepping ~*~*~tactically~*~*~ (stealth).
  5752 | D:6      | Found a radiant altar of Vehumet.
  5824 | D:6      | Found a glowing drain.
  5825 | D:6      | 5825 ||| UPGRADING to +2 chain mail of fire resistance.
  5835 | D:6      | 5835 ||| DROPPING +1 chain mail of poison resistance.
  5837 | D:6      | 5837 ||| INVOKING Heroism.
  5839 | D:6      | Noticed a yak
  5853 | D:6      | Killed a yak
  5854 | D:6      | Reached skill level 6 in Fighting
  5854 | D:6      | Reached skill level 3 in Invocations
  5854 | D:6      | Reached XP level 9. HP: 40/55 MP: 8/11
  6031 | D:6      | Found a snail-covered altar of Cheibriados.
  6073 | D:6      | Reached ** piety under Okawaru
  6094 | D:6      | 6094 ||| Stepping ~*~*~tactically~*~*~ (hiding).
  6095 | D:6      | 6095 ||| Stepping ~*~*~tactically~*~*~ (hiding).
  6096 | D:6      | 6096 ||| Stepping ~*~*~tactically~*~*~ (hiding).
  6100 | D:6      | 6100 ||| INVOKING Heroism.
  6102 | D:6      | 6102 ||| Stepping ~*~*~tactically~*~*~ (hiding).
  6112 | D:6      | Reached skill level 9 in Axes
  6112 | D:6      | 6112 ||| Stepping ~*~*~tactically~*~*~ (hiding).
  6118 | D:6      | 6118 ||| INVOKING Heroism.
  6165 | D:6      | 6165 ||| Stepping ~*~*~tactically~*~*~ (stealth).
  6167 | D:6      | 6167 ||| Stepping ~*~*~tactically~*~*~ (stealth).
  6169 | D:6      | 6169 ||| INVOKING Heroism.
  6186 | D:6      | Found Qedwegoa's Book Boutique.
  6188 | D:6      | 6188 ||| RIP SEWER
  6188 | D:6      | 6188 ||| PLANNING D:1-11
  6196 | D:6      | 6196 ||| INVOKING Heroism.
  6371 | D:6      | 6371 ||| UPGRADING to ring of protection from fire.
  6372 | D:6      | 6372 ||| READING 3 scrolls of identify.
  6372 | D:6      | 6372 ||| IDENTIFYING cyan potion
  6373 | D:6      | 6373 ||| DROPPING potion of invisibility.
  6417 | D:7      | 6417 ||| Stepping ~*~*~tactically~*~*~ (stealth).
  6418 | D:7      | 6418 ||| Stepping ~*~*~tactically~*~*~ (stealth).
  6419 | D:7      | 6419 ||| Stepping ~*~*~tactically~*~*~ (stealth).
  6420 | D:7      | 6420 ||| Stepping ~*~*~tactically~*~*~ (stealth).
  6425 | D:7      | 6425 ||| Stepping ~*~*~tactically~*~*~ (stealth).
  6426 | D:7      | 6426 ||| Stepping ~*~*~tactically~*~*~ (stealth).
  6427 | D:7      | 6427 ||| Stepping ~*~*~tactically~*~*~ (stealth).
  6572 | D:7      | 6572 ||| INVOKING Heroism.
  6641 | D:7      | 6641 ||| Stepping ~*~*~tactically~*~*~ (stealth).
  7033 | D:7      | 7033 ||| UPGRADING to ring of see invisible.
  7035 | D:7      | 7035 ||| READING 2 scrolls labelled ZIG XE KEE.
  7036 | D:7      | 7036 ||| READING scroll of enchant armour.
  7036 | D:7      | 7036 ||| ENCHANTING +0 helmet.
  7037 | D:7      | 7037 ||| READING 2 scrolls labelled LUDYURAICH.
  7038 | D:7      | 7038 ||| READING scroll of brand weapon.
  7038 | D:7      | 7038 ||| BRANDING +1 vorpal war axe.
  7103 | D:8      | 7103 ||| Stepping ~*~*~tactically~*~*~ (stealth).
  7115 | D:8      | 7115 ||| INVOKING Heroism.
  7120 | D:8      | Reached XP level 10. HP: 30/63 MP: 10/13
  7129 | D:8      | 7129 ||| INVOKING Heroism.
  7132 | D:8      | Reached skill level 10 in Axes
  7152 | D:8      | 7152 ||| INVOKING Heroism.
  7158 | D:8      | Found a staircase to the Lair.
  7161 | D:8      | HP: 13/63 [basilisk (11)]
  7162 | D:8      | 7162 ||| READING 2 scrolls of teleportation.
  7163 | D:8      | 7163 ||| DRINKING potion of heal wounds.
  7173 | D:8      | HP: 11/64 [wyvern (7)]
  7174 | D:8      | 7174 ||| READING scroll of teleportation.
  7175 | D:8      | Reached *** piety under Okawaru
  7176 | D:8      | HP: 2/64 [wyvern (11)]
  7639 | D:8      | 7639 ||| Stepping ~*~*~tactically~*~*~ (hiding).
  7661 | D:8      | Reached skill level 6 in Armour
  7740 | D:8      | Noticed a cyclops
  7741 | D:8      | 7741 ||| INVOKING Heroism.
  7751 | D:8      | 7751 ||| FLEEEEING.
  7752 | D:8      | 7752 ||| FLEEEEING.
  7753 | D:8      | 7753 ||| FLEEEEING.
  7754 | D:8      | 7754 ||| FLEEEEING.
  7755 | D:8      | 7755 ||| FLEEEEING.
  7756 | D:8      | 7756 ||| FLEEEEING.
  7757 | D:8      | 7757 ||| FLEEEEING.
  7758 | D:8      | 7758 ||| FLEEEEING.
  7759 | D:8      | 7759 ||| FLEEEEING.
  7777 | D:8      | 7777 ||| FLEEEEING.
  7795 | D:8      | 7795 ||| FLEEEEING.
  7797 | D:8      | 7797 ||| FLEEEEING.
  7798 | D:8      | 7798 ||| FLEEEEING.
  7799 | D:8      | 7799 ||| FLEEEEING.
  7802 | D:8      | 7802 ||| FLEEEEING.
  7803 | D:8      | 7803 ||| FLEEEEING.
  7807 | D:8      | 7807 ||| STAIRDANCE
  7966 | D:7      | 7966 ||| UPGRADING to amulet of reflection.
  7971 | D:7      | 7971 ||| DROPPING amulet of regeneration.
  7975 | D:8      | 7975 ||| INVOKING Heroism.
  7980 | D:8      | Killed a cyclops
  8257 | D:8      | 8257 ||| READING scroll of enchant weapon.
  8257 | D:8      | 8257 ||| ENCHANTING +1 war axe of chaos.
  8297 | D:8      | 8297 ||| Stepping ~*~*~tactically~*~*~ (stealth).
  8349 | D:8      | 8349 ||| READING 2 scrolls of enchant weapon.
  8349 | D:8      | 8349 ||| ENCHANTING +2 war axe of chaos.
  8350 | D:8      | 8350 ||| READING scroll of enchant weapon.
  8350 | D:8      | 8350 ||| ENCHANTING +3 war axe of chaos.
  8471 | D:8      | 8471 ||| Stepping ~*~*~tactically~*~*~ (stealth).
  8473 | D:8      | 8473 ||| Stepping ~*~*~tactically~*~*~ (stealth).
  8476 | D:8      | 8476 ||| INVOKING Heroism.
  8596 | D:8      | 8596 ||| PLANNING LAIR
  8635 | Lair:1   | Entered Level 1 of the Lair of Beasts
  8664 | Lair:1   | Noticed Amaemon
  8665 | Lair:1   | 8665 ||| Stepping ~*~*~tactically~*~*~ (hiding).
  8666 | Lair:1   | 8666 ||| Stepping ~*~*~tactically~*~*~ (hiding).
  8671 | Lair:1   | 8671 ||| INVOKING Heroism.
  8678 | Lair:1   | Noticed an orange demon
  8679 | Lair:1   | Killed Amaemon
  8679 | Lair:1   | Reached **** piety under Okawaru
  8680 | Lair:1   | Reached skill level 11 in Axes
  8684 | Lair:1   | Killed an orange demon
  8708 | Lair:1   | Noticed a cane toad
  8709 | Lair:1   | 8709 ||| Stepping ~*~*~tactically~*~*~ (stealth).
  8728 | Lair:1   | 8728 ||| INVOKING Heroism.
  8728 | Lair:1   | Noticed a death yak
  8729 | Lair:1   | 8729 ||| Stepping ~*~*~tactically~*~*~ (stealth).
  8738 | Lair:1   | Killed a cane toad
  8739 | Lair:1   | Reached XP level 11. HP: 69/69 MP: 12/14
  8754 | Lair:1   | Noticed a death yak
  8755 | Lair:1   | 8755 ||| Stepping ~*~*~tactically~*~*~ (stealth).
  8757 | Lair:1   | 8757 ||| INVOKING Heroism.
  8757 | Lair:1   | Noticed a death yak
  8766 | Lair:1   | HP: 8/69 [death yak (30)]
  8767 | Lair:1   | Mangled by a death yak

Levels and vault maps discovered:
D:1:      lemuel_arrival_muddy, layout_basic,
          hellmonk_ecumenical_altar_pennies_from_heaven, nicolae_wormholes
D:2:      layout_basic, uniq_terence
D:3:      layout_loops_ring, grunt_ministairs_14
D:4:      layout_loops_ring, minmay_temple_entry_glassed_door,
          dreamdust_mushroom_princess
D:5:      layout_basic, gammafunk_temple_overflow_forgotten,
          hellmonk_bongcloud_opening, uniq_crazy_yiuf_cottage
D:6:      layout_basic, mainiacjoe_overflow_alcove_1, amcnicky_altar_gilded,
          serial_shops, nicolae_diamond_shop, gup_sewer_entry_glass,
          hangedman_decor_points
D:7:      layout_cave_pools
D:8:      layout_basic, minmay_lair_entry_grove
Lair:1:   layout_roguey, gammafunk_ghost_split, uniq_amaemon

Skill      XL: |  1  2  3  4  5  6  7  8  9 10 |
---------------+-------------------------------+-----
Axes           | 2 3 4 5 6 7 8 9 11 | 11.4
Throwing       | 1 2 |  2.1
Fighting       | 4 5 6 7 8 |  8.5
Dodging        | 1 |  1.3
Invocations    | 3 4 5 |  5.0
Armour         | 4 5 6 |  6.0
Shields        | 4 5 |  5.5

Action                   |  1- 3 |  4- 6 |  7- 9 | 10-12 || total
-------------------------+-------+-------+-------+-------++-------
Melee: War axe           |    78 |    81 |   249 |   118 ||   526
Throw: Boomerang         |    21 |    10 |    76 |    35 ||   142
       Javelin           |    16 |    11 |     8 |       ||    35
Invok: Heroism           |       |       |     9 |     8 ||    17
  Use: Scroll            |     4 |     8 |     9 |     5 ||    26
       Potion            |       |     3 |     1 |     1 ||     5
Armor: Scale mail        |    33 |       |       |       ||    33
       Chain mail        |       |    76 |   125 |    60 ||   261
Dodge: Dodged            |    25 |    34 |    82 |    38 ||   179
Block: Buckler           |    18 |    25 |    52 |    44 ||   139

Table legend:
 A = Non-vault XP
 B = Vault XP
 C = Vault XP percentage of total XP
 D = Non-vault monster count
 E = Vault monster count
 F = Vault count percentage of total count
                 A         B        C        D         E       F
            +---------+---------+-------+---------+---------+-------
      Total |    6179 |    3453 |  35.8 |     149 |      18 |  10.8
            +---------+---------+-------+---------+---------+-------
        D:1 |      25 |       5 |  16.7 |      14 |       1 |   6.7
        D:2 |      39 |      36 |  48.0 |      15 |       1 |   6.2
        D:3 |     113 |      16 |  12.4 |      15 |       2 |  11.8
        D:4 |     652 |       0 |   0.0 |      20 |       0 |   0.0
        D:5 |     710 |       0 |   0.0 |      14 |       0 |   0.0
        D:6 |    1729 |       0 |   0.0 |      29 |       0 |   0.0
        D:7 |     973 |       0 |   0.0 |      18 |       0 |   0.0
        D:8 |    1527 |    2210 |  59.1 |      23 |      12 |  34.3
     Lair:1 |     411 |    1186 |  74.3 |       1 |       2 |  66.7
            +---------+---------+-------+---------+---------+-------
